 Dungeon Crawl Stone Soup version 0.21-a0-314-gb3271ec (webtiles) character file.

4392 tidbits the Charmwright (level 10, -18/79 HPs)
             Began as a Gnoll Skald on Sept 29, 2017.
             Was a Follower of Ashenzari.
             Demolished by a two-headed ogre
             ... wielding a +0 giant club
              (22 damage)
             ... on level 9 of the Dungeon.
             The game lasted 00:36:29 (4836 turns).

tidbits the Charmwright (Gnoll Skald)               Turns: 4836, Time: 00:36:29

Health: -18/79     AC:  8    Str: 14      XL:     10   Next: 35%
Magic:  1/19       EV: 19    Int: 22      God:    Ashenzari [*.....]
Gold:   377        SH:  0    Dex: 16 (17) Spells: 9/22 levels left

rFire    . . .     SeeInvis .   a - +0 falchion
rCold    . . .     Gourm    .   (no shield)
rNeg     . . .     Faith    .   B - +3 troll leather armour
rPois    .         Spirit   .   E - +0 helmet
rElec    .         Reflect  .   (no cloak)
rCorr    .         Harm     .   G - -2 pair of gloves (curse)
MR       .....                  (no boots)
Stlth    +++.......             s - amulet of magic regeneration (curse)
HPRegen  0.63/turn              q - +4 ring of intelligence (curse)
MPRegen  0.41/turn              V - +3 ring of evasion

@: no status effects
A: distributed training, fangs 1, agile 1, strong nose
a: Curse Item, Scrying, Renounce Religion


You were on level 9 of the Dungeon.
You worshipped Ashenzari.
Ashenzari was aware of your devotion.
You were not hungry.

You visited 2 branches of the dungeon, and saw 10 of its levels.
You also visited: Sewer.

You collected 494 gold pieces.
You spent 117 gold pieces at shops.

Inventory:

Hand Weapons
 a - a +0 falchion (weapon)
 t - a +0 blowgun
 u - a +2 war axe of chopping
   (You took it off an orc on level 4 of the Dungeon)
 I - a +0 dagger of venom
   (You took it off a kobold on level 9 of the Dungeon)
 X - a +0 shortbow
Missiles
 m - a throwing net (quivered) {!f}
 r - 65 arrows
 H - 21 poisoned needles
Armour
 n - a +0 shield
 B - a +3 troll leather armour (worn)
 E - a +0 helmet (worn)
 G - a cursed -2 pair of gloves (worn)
Jewellery
 e - an uncursed ring of ice
   (You found it on level 1 of the Dungeon)
 q - a cursed +4 ring of intelligence (left hand)
   (You found it on level 3 of the Dungeon)
 s - a cursed amulet of magic regeneration (around neck)
   (You found it on level 3 of the Dungeon)
 N - an uncursed amulet of guardian spirit
   (You found it on level 7 of the Dungeon)
 R - an uncursed ring of protection from fire
   (You found it on level 8 of the Dungeon)
 S - an uncursed ring of positive energy
   (You found it on level 6 of the Dungeon)
 V - a +3 ring of evasion (right hand)
   (You found it on level 5 of the Dungeon)
 W - an uncursed ring of poison resistance
   (You found it on level 5 of the Dungeon)
Wands
 b - a wand of polymorph (14/24)
 C - a wand of confusion (0/48)
 P - a wand of digging (11/24)
 Q - a wand of digging (12/24)
 T - a wand of iceblast (9/15)
Scrolls
 h - 4 scrolls of teleportation
 i - 2 scrolls of magic mapping {unknown}
 k - a scroll of enchant weapon {unknown}
 w - a scroll of random uselessness {unknown}
 x - a scroll of holy word {unknown}
 y - 2 scrolls of recharging {unknown}
 A - 2 scrolls of blinking {unknown}
 D - a scroll of noise {unknown}
 M - 2 scrolls of immolation {unknown}
 O - 2 scrolls of amnesia {unknown}
 Y - a scroll of remove curse
 Z - a scroll of brand weapon {unknown}
Potions
 f - 3 potions of brilliance
 g - 6 potions of curing
 j - 3 potions of lignification
 o - a potion of haste
 p - 4 potions of heal wounds
 v - a potion of invisibility
 z - 4 potions of agility
 J - 3 potions of might
 L - 3 potions of flight
 U - a potion of resistance {unknown}
Books
 c - a book of Battle

   Spells                             Type                      Level
   a - Infusion                       Charms                       1
   b - Shroud of Golubria             Charms/Translocation         2
   c - Song of Slaying                Charms                       2
   d - Spectral Weapon                Hexes/Charms                 3
   e - Regeneration                   Charms/Necromancy            3
 F - a book of Maledictions
   (You found it on level 8 of the Dungeon)

   Spells                             Type                      Level
   a - Corona                         Hexes                        1
   b - Ensorcelled Hibernation        Hexes/Ice                    2
   c - Confuse                        Hexes                        3
   d - Tukima's Dance                 Hexes                        3
   e - Dazzling Spray                 Conjuration/Hexes            3
Comestibles
 d - 3 bread rations
 l - 2 meat rations
 K - 4 royal jellies


   Skills:
 + Level 7.5 Fighting
 + Level 3.9 Short Blades
 + Level 6.7 Long Blades
 + Level 5.3 Axes
 + Level 5.1 Maces & Flails
 + Level 5.4 Polearms
 + Level 3.9 Staves
 + Level 4.5 Slings
 + Level 5.7 Bows
 + Level 5.0 Crossbows
 + Level 4.2 Throwing
 + Level 6.3 Armour
 + Level 7.2 Dodging
 + Level 5.1 Stealth
   Level 0.0 Stabbing
 + Level 5.0 Shields
   Level 0.0 Traps
 + Level 5.0 Unarmed Combat
 + Level 6.6 Spellcasting
 + Level 5.9 Conjurations
 + Level 5.0 Hexes
 + Level 7.5 Charms
 + Level 4.5 Summonings
 + Level 5.9 Necromancy
 + Level 4.4 Translocations
 + Level 4.8 Transmutations
 + Level 4.2 Fire Magic
 + Level 4.7 Ice Magic
 + Level 5.1 Air Magic
 + Level 4.8 Earth Magic
 + Level 5.7 Poison Magic
 + Level 4.2 Invocations
 + Level 4.0 Evocations


You had 9 spell levels left.
You knew the following spells:

 Your Spells              Type           Power        Failure   Level  Hunger
a - Apportation           Tloc           ####..       1%          1    None
g - Shroud of Golubria    Chrm/Tloc      ####......   1%          2    None
i - Infusion              Chrm           ####         1%          1    None
n - Animate Skeleton      Necr           N/A          1%          1    None
r - Regeneration          Chrm/Necr      #####.....   1%          3    #......
w - Spectral Weapon       Hex/Chrm       ####....     2%          3    #......
y - Song of Slaying       Chrm           #####...     1%          2    None


Dungeon Overview and Level Annotations

Branches:
Dungeon (9/15)             Temple (1/1) D:6
   Lair: D:8-11         Orc: D:9-12

Altars:
Ashenzari
Cheibriados
Dithmenos
Elyvilon
Fedhas
Gozag
Hepliaklqana
Kikubaaqudgha
Makhleb
Nemelex Xobeh
Okawaru
Qazlal
Ru
Sif Muna
Trog
Uskayaw
Vehumet
Wu Jian
Xom
Yredelemnul
Zin

Shops:
D:7 *


Innate Abilities, Weirdness & Mutations

Your experience applies equally to all skills.
You have very sharp teeth.
Your uncanny sense of smell can sniff out nearby items.
You are agile. (Dex +2)


Message History

You feel sick.
You are no longer poisoned.
Your pack is full.
You see here a scroll labeled YMITOPTOLE.
You can't carry that many items.
As you read the scroll labeled YMITOPTOLE, it crumbles to dust.
The scroll dissolves into smoke.
It was a scroll of fog.
Your skin stops crawling.
An eye of draining comes into view.
A two-headed ogre comes into view.
It is wielding a giant club and a giant spiked club.
Found a potion of lignification.
The two-headed ogre shouts in stereo!
Evoke which item? (* to show all) (? for menu, Esc to quit)
Aiming: Confuse
Press: ? - help, Shift-Dir - straight line, f - two-headed ogre
Aim: a two-headed ogre, wielding a giant club and a giant spiked club (chance to defeat MR: 40%)
The two-headed ogre resists with some effort.
The eye of draining turns its gaze towards you.
This wand has 4 charges left.
The two-headed ogre hits you with a giant club.
The two-headed ogre closely misses you. The eye of draining gazes at you.
You feel your power leaking away.
Evoke which item? (* to show all) (? for menu, Esc to quit)
Aiming: Confuse
Press: ? - help, Shift-Dir - straight line, f/p - two-headed ogre
Aim: a two-headed ogre, wielding a giant club and a giant spiked club (chance to defeat MR: 40%)
The two-headed ogre resists with some effort.
This wand has 3 charges left.
The two-headed ogre misses you. The two-headed ogre barely misses you.
Evoke which item? (* to show all) (? for menu, Esc to quit)
Aiming: Confuse
Press: ? - help, Shift-Dir - straight line, f/p - two-headed ogre
Aim: a two-headed ogre, wielding a giant club and a giant spiked club (chance to defeat MR: 40%)
The two-headed ogre resists with some effort.
This wand has 2 charges left.
The two-headed ogre barely misses you. The two-headed ogre closely misses you.
The eye of draining gazes at you.
Evoke which item? (* to show all) (? for menu, Esc to quit)
Aiming: Confuse
Press: ? - help, Shift-Dir - straight line, f/p - two-headed ogre
Aim: a two-headed ogre, wielding a giant club and a giant spiked club (chance to defeat MR: 40%)
The two-headed ogre resists with some effort.
This wand has 1 charge left.
Evoke which item? (* to show all) (? for menu, Esc to quit)
Aiming: Confuse
Press: ? - help, Shift-Dir - straight line, f/p - two-headed ogre
Aim: a two-headed ogre, wielding a giant club and a giant spiked club (chance to defeat MR: 40%)
The two-headed ogre resists with some effort.
This wand has 0 charges left.
The two-headed ogre hits you with a giant club!
The two-headed ogre misses you.
Evoke which item? (* to show all) (? for menu, Esc to quit)
This wand has no charges.
Casting: Regeneration
Confirm with . or Enter, or press ? or * to list all spells.
You draw out your weapon's spirit!
The two-headed ogre closely misses you.
You riposte.
You slash the two-headed ogre!
The two-headed ogre is lightly wounded.
The two-headed ogre closely misses you.
You hit the two-headed ogre but do no damage.
The two-headed ogre is lightly wounded.
Your spectral weapon hits the two-headed ogre!
The two-headed ogre hits you with a giant club!
The two-headed ogre closely misses you. The eye of draining gazes at you.
You feel your power leaking away.
You barely miss the two-headed ogre.
The two-headed ogre is moderately wounded.
Your spectral weapon hits the two-headed ogre.
You hit the two-headed ogre but do no damage.
The two-headed ogre is moderately wounded.
Your spectral weapon hits the two-headed ogre.
The two-headed ogre hits you with a giant club!
The two-headed ogre hits you but does no damage.
The eye of draining gazes at you.
You feel your power leaking away.
You barely miss the two-headed ogre.
The two-headed ogre is moderately wounded.
Your spectral weapon hits the two-headed ogre.
The two-headed ogre closely misses you. The two-headed ogre misses you.
You hit the two-headed ogre.
The two-headed ogre is heavily wounded.
Your spectral weapon hits the two-headed ogre.
The eye of draining gazes at you.
You feel your power leaking away.
You hit the two-headed ogre.
The two-headed ogre is severely wounded.
Your spectral weapon hits the two-headed ogre!
The two-headed ogre hits your spectral weapon with a giant club!!
Your spectral weapon shares its damage with you!
Your spectral weapon fades away.
* * * LOW HITPOINT WARNING * * *
The two-headed ogre shouts in stereo!
You hit the two-headed ogre but do no damage.
The two-headed ogre is severely wounded.
The two-headed ogre hits you with a giant club!!
* * * LOW HITPOINT WARNING * * *
The two-headed ogre hits you with a giant spiked club!!
You die...

###......#####...§......#
...........##...........#
.....##..........##......#
)....####......§.# ##.....
)......####......# #...
#........####....# #.
#..........##....#
#...†......##....#
#....##....##...@#
#....####..##..GO#
#....).######..........#
#........# #....[.....#
###......######....)!####
.####..####..####..####..
...######......######....
.....##........^.##......
#.Z.....(..##..........#


You could see a two-headed ogre and an eye of draining.

Vanquished Creatures
  The ghost of tidbits the Charmwright, a novice GnSk (D:6)
  A troll (D:9)
  Grinder (D:3)
  A hippogriff (D:7)
  2 dream sheep (D:8)
  2 yaks (D:8)
  2 orc warriors
  2 black bears
  4 phantoms
  2 ogres
  2 centaurs
  3 big kobolds
  Blork the orc (D:6)
  2 bullfrogs
  2 scorpions
  2 howler monkeys (D:8)
  2 crimson imps
  A centaur zombie (D:5)
  A quasit (D:9)
  4 hounds
  A bullfrog skeleton (D:7)
  A gnoll shaman (D:7)
  3 orc priests
  A centaur skeleton (D:5)
  3 orc wizards
  An iguana (D:6)
  9 worker ants
  A killer bee zombie (D:8)
  A hound zombie (D:5)
  7 gnolls
  17 adders
  9 river rats (Sewer)
  2 shadow imps (D:6)
  An ooze (D:7)
  An adder skeleton (D:7)
  2 worms
  3 dart slugs
  6 leopard geckos
  17 orcs
  5 ball pythons (Sewer)
  10 giant cockroaches
  7 hobgoblins
  13 jackals
  5 quokkas
  4 bats
  7 frilled lizards
  11 goblins
  32 kobolds
  A leopard gecko skeleton (D:5)
  A quokka zombie (D:9)
  21 rats
241 creatures vanquished.

Vanquished Creatures (others)
  A plant (D:7)
  4 spectral weapons
5 creatures vanquished.

Grand Total: 246 creatures vanquished

Notes
Turn   | Place    | Note
-------+----------+-------------------------------------------
     0 | D:1      | tidbits the Gnoll Skald began the quest for the Orb.
     0 | D:1      | Reached XP level 1. HP: 20/20 MP: 6/6
   180 | D:1      | Reached skill level 1 in Ice Magic
   180 | D:1      | Reached XP level 2. HP: 16/26 MP: 3/7
   184 | D:1      | Learned a level 2 spell: Song of Slaying
   187 | D:1      | Learned a level 2 spell: Shroud of Golubria
   394 | D:1      | Reached XP level 3. HP: 24/31 MP: 3/9
   401 | D:1      | Reached skill level 1 in Unarmed Combat
   499 | D:2      | Reached skill level 1 in Short Blades
   499 | D:2      | Reached skill level 1 in Conjurations
   585 | D:2      | Learned a level 3 spell: Regeneration
   589 | D:2      | Learned a level 3 spell: Spectral Weapon
   605 | D:2      | Reached skill level 5 in Spellcasting
   605 | D:2      | Reached skill level 1 in Air Magic
   621 | D:2      | Reached skill level 1 in Axes
   621 | D:2      | Reached skill level 1 in Staves
   621 | D:2      | Reached skill level 1 in Poison Magic
   621 | D:2      | Reached XP level 4. HP: 38/38 MP: 0/11
   690 | D:2      | Reached skill level 2 in Air Magic
   761 | D:2      | Found a burning altar of Makhleb.
   769 | D:2      | Reached skill level 5 in Fighting
   769 | D:2      | Reached skill level 1 in Polearms
   769 | D:2      | Reached skill level 1 in Shields
   769 | D:2      | Reached skill level 1 in Summonings
   769 | D:2      | Reached skill level 2 in Poison Magic
   792 | D:3      | Noticed Grinder
   808 | D:3      | Paralysed by Grinder for 3 turns
   814 | D:3      | Paralysed by Grinder for 4 turns
   823 | D:3      | Killed Grinder
   823 | D:3      | Reached skill level 5 in Long Blades
   823 | D:3      | Reached skill level 2 in Axes
   823 | D:3      | Reached skill level 1 in Maces & Flails
   823 | D:3      | Reached skill level 2 in Polearms
   823 | D:3      | Reached skill level 2 in Staves
   823 | D:3      | Reached skill level 1 in Bows
   823 | D:3      | Reached skill level 1 in Crossbows
   823 | D:3      | Reached skill level 1 in Throwing
   823 | D:3      | Reached skill level 5 in Dodging
   823 | D:3      | Reached skill level 1 in Stealth
   823 | D:3      | Reached skill level 2 in Shields
   823 | D:3      | Reached skill level 2 in Unarmed Combat
   823 | D:3      | Reached skill level 2 in Conjurations
   823 | D:3      | Reached skill level 1 in Hexes
   823 | D:3      | Reached skill level 2 in Necromancy
   823 | D:3      | Reached skill level 1 in Fire Magic
   823 | D:3      | Reached skill level 2 in Ice Magic
   823 | D:3      | Reached skill level 1 in Earth Magic
   823 | D:3      | Reached skill level 1 in Invocations
   823 | D:3      | Reached XP level 5. HP: 8/44 MP: 5/12
   823 | D:3      | Reached XP level 6. HP: 9/51 MP: 5/13
   845 | D:3      | Reached skill level 1 in Evocations
   864 | D:3      | Reached skill level 2 in Invocations
   928 | D:3      | Reached skill level 1 in Slings
   928 | D:3      | Reached skill level 2 in Fire Magic
   947 | D:3      | Reached skill level 2 in Summonings
   992 | D:3      | Reached skill level 3 in Armour
  1062 | D:3      | Found a stormy altar of Qazlal.
  1114 | D:3      | Reached skill level 2 in Hexes
  1159 | D:3      | Found a hide-covered altar of Uskayaw.
  1385 | D:4      | Reached skill level 1 in Transmutations
  1394 | D:4      | Reached skill level 1 in Translocations
  1429 | D:4      | Reached skill level 2 in Evocations
  1431 | D:4      | Reached skill level 2 in Bows
  1431 | D:4      | Reached XP level 7. HP: 35/56 MP: 9/14
  1441 | D:4      | Reached skill level 3 in Conjurations
  1441 | D:4      | Reached skill level 3 in Necromancy
  1445 | D:4      | Reached skill level 2 in Translocations
  1445 | D:4      | Reached skill level 2 in Transmutations
  1451 | D:4      | Reached skill level 2 in Maces & Flails
  1486 | D:4      | Reached skill level 3 in Poison Magic
  1520 | D:4      | Reached skill level 2 in Stealth
  1681 | D:4      | Found a sparkling altar of Nemelex Xobeh.
  1717 | D:4      | Found a deep blue altar of Sif Muna.
  1717 | D:4      | Found a snail-covered altar of Cheibriados.
  1726 | D:5      | Entered Level 5 of the Dungeon
  1728 | D:5      | Found a white marble altar of Elyvilon.
  1767 | D:5      | Reached skill level 2 in Slings
  1767 | D:5      | Reached skill level 2 in Crossbows
  1767 | D:5      | Reached skill level 3 in Hexes
  1773 | D:5      | Found an ancient bone altar of Kikubaaqudgha.
  1931 | D:5      | Reached skill level 3 in Bows
  1946 | D:5      | Reached skill level 4 in Conjurations
  1963 | D:5      | Found a glowing drain.
  1999 | D:5      | Reached skill level 3 in Shields
  1999 | D:5      | Reached XP level 8. HP: 44/64 MP: 16/16
  2022 | D:5      | Reached skill level 4 in Necromancy
  2031 | Sewer    | Entered a sewer
  2141 | Sewer    | Reached skill level 6 in Fighting
  2198 | Sewer    | Reached skill level 3 in Maces & Flails
  2201 | Sewer    | Reached skill level 2 in Earth Magic
  2471 | D:6      | Reached skill level 3 in Stealth
  2471 | D:6      | Reached skill level 3 in Transmutations
  2494 | D:6      | Reached skill level 4 in Armour
  2494 | D:6      | Reached skill level 3 in Air Magic
  2494 | D:6      | Reached skill level 3 in Evocations
  2523 | D:6      | Reached skill level 2 in Short Blades
  2530 | D:6      | Reached skill level 2 in Throwing
  2533 | D:6      | Reached skill level 3 in Axes
  2550 | D:6      | HP: 2/64 [iguana (13)]
  2555 | D:6      | Reached skill level 3 in Ice Magic
  2565 | D:6      | Noticed tidbits's ghost (novice GnSk)
  2587 | D:6      | Killed tidbits's ghost
  2587 | D:6      | Reached skill level 3 in Polearms
  2587 | D:6      | Reached skill level 3 in Staves
  2587 | D:6      | Reached skill level 3 in Slings
  2587 | D:6      | Reached skill level 4 in Bows
  2587 | D:6      | Reached skill level 3 in Crossbows
  2587 | D:6      | Reached skill level 3 in Unarmed Combat
  2587 | D:6      | Reached skill level 6 in Spellcasting
  2587 | D:6      | Reached skill level 4 in Hexes
  2587 | D:6      | Reached skill level 7 in Charms
  2587 | D:6      | Reached skill level 3 in Fire Magic
  2587 | D:6      | Reached skill level 3 in Earth Magic
  2614 | D:6      | Reached skill level 5 in Conjurations
  2620 | D:6      | Reached skill level 4 in Poison Magic
  2620 | D:6      | Reached skill level 3 in Invocations
  2631 | D:6      | Found a staircase to the Ecumenical Temple.
  2642 | D:6      | Reached XP level 9. HP: 44/71 MP: 15/18
  2644 | Temple   | Entered the Ecumenical Temple
  2757 | D:6      | Noticed Blork the orc
  2771 | D:6      | Killed Blork the orc
  2800 | D:6      | Found a glowing silver altar of Zin.
  2915 | D:7      | Reached skill level 3 in Throwing
  2932 | D:7      | Reached skill level 3 in Translocations
  2935 | D:7      | Reached skill level 5 in Necromancy
  3056 | D:6      | Found a shattered altar of Ashenzari.
  3059 | D:6      | Became a worshipper of Ashenzari the Shackled
  3290 | D:5      | Reached skill level 4 in Air Magic
  3369 | D:5      | Reached skill level 5 in Armour
  3372 | D:5      | Reached skill level 4 in Polearms
  3372 | D:5      | Reached skill level 6 in Dodging
  3511 | D:8      | Found an ornate altar of the Wu Jian Council.
  3523 | D:8      | Reached skill level 3 in Short Blades
  3523 | D:8      | Reached skill level 4 in Stealth
  3575 | D:8      | Reached skill level 3 in Summonings
  3575 | D:8      | Reached skill level 4 in Transmutations
  3575 | D:8      | Reached skill level 4 in Ice Magic
  3671 | D:7      | Found Zytif's General Store.
  3704 | D:7      | Bought a scroll of identify for 26 gold pieces
  3704 | D:7      | Bought a potion of agility for 52 gold pieces
  3704 | D:7      | Bought a potion of curing for 39 gold pieces
  3728 | D:7      | Reached skill level 6 in Long Blades
  3728 | D:7      | Reached skill level 4 in Maces & Flails
  3728 | D:7      | Reached skill level 4 in Shields
  3826 | D:7      | Reached skill level 4 in Crossbows
  3826 | D:7      | Reached skill level 4 in Invocations
  3909 | D:7      | Reached skill level 4 in Slings
  3909 | D:7      | Reached skill level 4 in Unarmed Combat
  4020 | D:7      | Reached skill level 5 in Bows
  4023 | D:7      | Reached skill level 7 in Fighting
  4079 | D:8      | Gained mutation: You are agile. (Dex +2) [potion of mutation]
  4192 | D:9      | Reached skill level 4 in Axes
  4192 | D:9      | Reached skill level 4 in Earth Magic
  4192 | D:9      | Reached skill level 5 in Poison Magic
  4256 | D:8      | Reached skill level 4 in Translocations
  4341 | D:8      | Reached * piety under Ashenzari
  4409 | D:8      | Reached skill level 5 in Polearms
  4409 | D:8      | Reached skill level 4 in Summonings
  4409 | D:8      | Reached skill level 5 in Air Magic
  4409 | D:8      | Reached XP level 10. HP: 62/79 MP: 15/19
  4414 | D:8      | Reached skill level 5 in Maces & Flails
  4414 | D:8      | Reached skill level 4 in Throwing
  4414 | D:8      | Reached skill level 4 in Fire Magic
  4439 | D:8      | Reached skill level 5 in Shields
  4439 | D:8      | Reached skill level 4 in Evocations
  4442 | D:8      | Reached skill level 5 in Axes
  4525 | D:8      | Reached skill level 5 in Crossbows
  4560 | D:8      | Learned a level 1 spell: Apportation
  4562 | D:8      | Learned a level 1 spell: Animate Skeleton
  4600 | D:8      | Found a deep blue altar of Sif Muna.
  4661 | D:9      | Reached skill level 7 in Dodging
  4694 | D:9      | Reached skill level 6 in Armour
  4756 | D:9      | Reached skill level 5 in Stealth
  4772 | D:9      | Reached skill level 5 in Unarmed Combat
  4772 | D:9      | Reached skill level 5 in Hexes
  4822 | D:9      | Noticed a two-headed ogre
  4836 | D:9      | HP: 4/79 [two-headed ogre/giant club (29)]
  4836 | D:9      | Demolished by a two-headed ogre

Vault maps used:
D:1:      dpeg_arrival_concentric_ovals
D:2:      makhleb_heckhound_becter
D:3:      nicolae_overflow_hidden_temple, grunt_qazlal_clouds, uniq_grinder
D:4:      gammafunk_temple_overflow_elements, first_bread,
          nemelex_spade_bored_becter
D:5:      kennysheep_little_box, gup_sewer_entry_glass, elyvilon_altar_4
D:6:      lemuel_doored_altar, zin_treasury, minmay_temple_entry_grid,
          uniq_blork_the_orc
D:7:      corexii_shack_village, serial_shops, nicolae_shop_stone
D:8:      kennysheep_mini, grunt_ministairs_12, hangedman_ranch, tgw_sif
D:9:      nicolae_two_hexagons
Temple:   nicolae_temple_figure_eight
Sewer:    sewer_minmay_treatment

Skill      XL: |  1  2  3  4  5  6  7  8  9 10 |
---------------+-------------------------------+-----
Ice Magic      | 1 2 3 4 |  4.7
Unarmed Combat | 1 2 3 4 5 |  5.0
Short Blades   | 1 2 3 |  3.9
Conjurations   | 1 2 4 5 |  5.9
Spellcasting   | 5 6 |  6.6
Air Magic      | 1 2 3 5 |  5.1
Axes           | 1 2 3 4 5 |  5.3
Staves         | 1 2 3 |  3.9
Poison Magic   | 1 2 3 4 5 |  5.7
Fighting       | 5 6 7 |  7.5
Polearms       | 2 3 5 |  5.4
Shields        | 2 3 4 5 |  5.0
Summonings     | 1 2 4 |  4.5
Long Blades    | 5 6 |  6.7
Maces & Flails | 1 2 3 4 5 |  5.1
Bows           | 1 2 3 4 5 |  5.7
Crossbows      | 1 2 3 4 5 |  5.0
Throwing       | 1 2 3 4 |  4.2
Dodging        | 5 6 7 |  7.2
Stealth        | 1 2 3 4 5 |  5.1
Hexes          | 1 2 3 4 5 |  5.0
Necromancy     | 2 3 4 5 |  5.9
Fire Magic     | 1 2 3 4 |  4.2
Earth Magic    | 1 3 4 |  4.8
Invocations    | 1 2 3 4 |  4.2
Evocations     | 2 3 4 |  4.0
Slings         | 1 2 3 4 |  4.5
Armour         | 3 4 5 6 |  6.3
Transmutations | 1 2 3 4 |  4.8
Translocations | 1 2 4 |  4.4
Charms         | 7 |  7.5

Action                   |  1- 3 |  4- 6 |  7- 9 | 10-12 || total
-------------------------+-------+-------+-------+-------++-------
Melee: Falchion          |    50 |   105 |   481 |    73 ||   709
       Bite              |     4 |    17 |    75 |     8 ||   104
       Punch             |       |     1 |     9 |     1 ||    11
Throw: Throwing net      |       |     2 |       |       ||     2
 Cast: Infusion          |     7 |     2 |     6 |     1 ||    16
       Shroud of Golubri |     3 |     8 |    27 |     2 ||    40
       Spectral Weapon   |       |    12 |    47 |     8 ||    67
       Regeneration      |       |     4 |    29 |     5 ||    38
       Song of Slaying   |       |       |     1 |       ||     1
Invok: Curse Item        |       |       |     2 |       ||     2
Evoke: Wand              |       |       |    16 |     6 ||    22
  Use: Potion            |       |     3 |     4 |       ||     7
       Scroll            |       |     3 |    11 |     1 ||    15
 Stab: Held in net/web   |       |     1 |       |       ||     1
       Distracted        |       |     1 |     4 |       ||     5
       Invisible         |       |       |     5 |       ||     5
       Confused          |       |       |     7 |       ||     7
       Sleeping          |       |       |     2 |     1 ||     3
  Eat: Chunk             |       |     2 |    11 |       ||    13
       Fruit             |       |     2 |     3 |       ||     5
       Royal jelly       |       |       |       |     1 ||     1
Armor: Leather armour    |     8 |    21 |    45 |       ||    74
       Troll leather arm |       |       |    30 |    25 ||    55
Dodge: Dodged            |    39 |    76 |   393 |    67 ||   575
       Rpst.: Falchion   |    14 |    25 |   112 |    10 ||   161

Table legend:
 A = Spawn XP
 B = Non-spawn XP
 C = Spawn XP percentage of total XP
 D = Spawn monster count
 E = Non-spawn monster count
 F = Spawn count percentage of total count
 G = Total turns spent on level
                    A         B        C        D         E        F      G
               +---------+---------+-------+---------+---------+-------+---------
         Total |       0 |    6275 |   0.0 |       0 |     241 |   0.0 |  4836
               +---------+---------+-------+---------+---------+-------+---------
           D:1 |       0 |      35 |   0.0 |       0 |      15 |   0.0 |   479
           D:2 |       0 |     113 |   0.0 |       0 |      20 |   0.0 |   318
           D:3 |       0 |     404 |   0.0 |       0 |      33 |   0.0 |   480
           D:4 |       0 |     285 |   0.0 |       0 |      23 |   0.0 |   449
           D:5 |       0 |     555 |   0.0 |       0 |      25 |   0.0 |   513
           D:6 |       0 |    1106 |   0.0 |       0 |      21 |   0.0 |   564
           D:7 |       0 |    1224 |   0.0 |       0 |      28 |   0.0 |   663
           D:8 |       0 |    1651 |   0.0 |       0 |      14 |   0.0 |   508
           D:9 |       0 |     706 |   0.0 |       0 |      14 |   0.0 |   361
         Sewer |       0 |     196 |   0.0 |       0 |      48 |   0.0 |   398
               +---------+---------+-------+---------+---------+-------+---------

Table legend:
 A = Turns spent in this place as a percentage of turns spent in the entire game.
 B = Non-inter-level travel turns spent in this place as a percentage of non-inter-level travel turns spent in the entire game.
 C = Inter-level travel turns spent in this place as a percentage of turns spent in this place.
 D = Turns resting spent in this place as a percentage of non-inter-level travel turns spent in this place.
 E = Turns spent auto-exploring this place as a percentage of non-inter-level travel turns spent in this place.
 F = Non-inter-level travel turns spent in this place divided by the number of levels of this place that you've seen.
                   A       B       C       D       E      F
               +-------+-------+-------+-------+-------+----------------------
         Total | 100.0 | 100.0 |   5.4 |   0.0 |   0.0 | 415.8
       Dungeon |  89.6 |  89.2 |   5.9 |   0.0 |   0.0 | 453.3
        Temple |   2.1 |   2.1 |   6.8 |   0.0 |   0.0 |  96.0
         Sewer |   8.2 |   8.7 |   0.0 |   0.0 |   0.0 | 398.0
               +-------+-------+-------+-------+-------+----------------------

Table legend:
 A = Kills in this place as a percentage of kills in entire the game.
 B = Kills by you in this place as a percentage of kills by you in the entire game.
 C = Kills by friends in this place as a percentage of kills by friends in the entire game.
 D = Other kills in this place as a percentage of other kills in the entire game.
 E = Experience gained in this place as a percentage of experience gained in the entire game.
 F = Experience gained in this place divided by the number of levels of this place that you have seen.
                   A       B       C       D       E      F
               +-------+-------+-------+-------+-------+----------------------
         Total | 100.0 | 100.0 |   N/A | 100.0 | 100.0 | 570.5
       Dungeon |  80.1 |  79.9 |   N/A | 100.0 |  96.9 | 675.4
         Sewer |  19.9 |  20.1 |   N/A |   0.0 |   3.1 | 196.0
               +-------+-------+-------+-------+-------+----------------------

Vault maps used:
D:1:      dpeg_arrival_concentric_ovals
D:2:      makhleb_heckhound_becter
D:3:      nicolae_overflow_hidden_temple, grunt_qazlal_clouds, uniq_grinder
D:4:      gammafunk_temple_overflow_elements, first_bread,
          nemelex_spade_bored_becter
D:5:      kennysheep_little_box, gup_sewer_entry_glass, elyvilon_altar_4
D:6:      lemuel_doored_altar, zin_treasury, minmay_temple_entry_grid,
          uniq_blork_the_orc
D:7:      corexii_shack_village, serial_shops, nicolae_shop_stone
D:8:      kennysheep_mini, grunt_ministairs_12, hangedman_ranch, tgw_sif
D:9:      nicolae_two_hexagons
Temple:   nicolae_temple_figure_eight
Sewer:    sewer_minmay_treatment
